 Dungeon Crawl Stone Soup version 0.17.2 (webtiles) character file.

5857 Nekros the Destroyer (level 10, -10/50 HPs)
             Began as a Deep Elf Wizard on June 7, 2016.
             Was a Believer of Sif Muna.
             Shot with a sling bullet by Joseph (12 damage)
             ... on level 9 of the Dungeon.
             The game lasted 02:09:22 (15112 turns).

Nekros the Destroyer (Deep Elf Wizard)             Turns: 15112, Time: 02:09:22

Health: -10/50     AC:  4    Str:  6    XL:     10   Next: 52%
Magic:  2/26       EV: 14    Int: 27    God:    Sif Muna [**....]
Gold:   403        SH:  0    Dex: 13    Spells: 6 memorised, 13 levels left

rFire  . . .     SeeInvis .     C - +1 dagger (venom)
rCold  . . .     Clarity  +     a - +0 robe
rNeg   . . .     SustAt   .     (no shield)
rPois  .         Gourm    .     b - +0 hat
rElec  .         Spirit   .     D - +1 cloak
rCorr  .         Warding  .     (no gloves)
rMut   .         Stasis   .     (no boots)
MR     +....                    k - amulet of clarity
Stlth  ++........               (no ring)
                                w - +2 ring of strength

@: very slightly contaminated, hasted, very quick, somewhat resistant to hostile
enchantments, unstealthy
A: no striking features
a: Channel Energy, Forget Spell, Renounce Religion


You were on level 9 of the Dungeon.
You worshipped Sif Muna.
Sif Muna was pleased with you.
You were not hungry.

You visited 2 branches of the dungeon, and saw 10 of its levels.

You collected 403 gold pieces.

Inventory:

Hand Weapons
 C - a +1 dagger of venom (weapon)
 E - a +3 quarterstaff of chaos
 G - a +1 dagger of flaming
 I - a +3 dagger
Missiles
 l - 120 arrows
Armour
 a - a +0 robe (worn)
 b - a +0 hat (worn)
 D - a +1 cloak (worn)
Jewellery
 k - an amulet of clarity (around neck)
 w - a +2 ring of strength (left hand)
 K - an uncursed amulet of warding {unknown}
Wands
 n - a wand of disintegration (6)
 t - a wand of frost (8)
 y - a wand of digging (8)
 H - a wand of confusion (0)
 L - a wand of slowing (14)
Scrolls
 g - 3 scrolls of fear {unknown}
 h - 2 scrolls of identify
 i - 3 scrolls of random uselessness {unknown}
 j - 3 scrolls of remove curse
 o - 4 scrolls of teleportation
 p - 2 scrolls of enchant armour {unknown}
 r - a scroll of blinking {unknown}
 v - a scroll of fog {unknown}
 B - 2 scrolls of immolation {unknown}
Potions
 d - 2 potions of cure mutation
 e - 2 potions of agility
 f - 2 potions of heal wounds {unknown}
 m - a potion of poison {unknown}
 q - a potion of berserk rage {unknown}
 u - a potion of might
 x - 3 potions of lignification {unknown}
 z - a potion of mutation {unknown}
 A - a potion of cancellation {unknown}
 M - 2 potions of beneficial mutation {unknown}
Books
 c - a book of Minor Magic

   Spells                             Type                      Level
   a - Magic Dart                     Conjuration                  1
   b - Blink                          Translocation                2
   c - Call Imp                       Summoning                    2
   d - Repel Missiles                 Charms/Air                   2
   e - Slow                           Hexes                        2
   f - Conjure Flame                  Conjuration/Fire             3
   g - Mephitic Cloud                 Conjuration/Poison/Air       3
 s - a book of Death

   Spells                             Type                      Level
   a - Corpse Rot                     Necromancy                   2
   b - Sublimation of Blood           Necromancy                   2
   c - Agony                          Necromancy                   5
   d - Dispel Undead                  Necromancy                   5
   e - Excruciating Wounds            Charms/Necromancy            5
   f - Bolt of Draining               Conjuration/Necromancy       5


   Skills:
 - Level 4.3 Dodging
 - Level 4.0 Stealth
 - Level 10.0 Spellcasting
 - Level 10.3 Conjurations
 - Level 3.1 Summonings
 + Level 9.3 Necromancy
 - Level 3.1 Translocations
 - Level 3.8 Fire Magic
 - Level 3.0 Poison Magic


You had 13 spell levels left.
You knew the following spells:

 Your Spells              Type           Power        Failure   Level  Hunger
a - Magic Dart            Conj           ####         1%          1    None
b - Blink                 Tloc           N/A          1%          2    None
c - Call Imp              Summ           ####....     1%          2    None
d - Conjure Flame         Conj/Fire      ######..     1%          3    None
e - Mephitic Cloud        Conj/Pois/Air  #####...     2%          3    None
f - Bolt of Draining      Conj/Necr      ######....   2%          5    ####...


Dungeon Overview and Level Annotations

Branches:
Dungeon (9/15)             Temple (1/1) D:7            Lair (0/8) D:9
    Orc: D:9-12

Altars:
Ashenzari
Cheibriados
Dithmenos
Elyvilon
Fedhas
Gozag
Kikubaaqudgha
Makhleb
Nemelex Xobeh
Okawaru
Qazlal
Ru
Sif Muna
Trog
Vehumet
Xom
Yredelemnul
Zin
The Shining One
Jiyva

Shops:
D:4 ?

Annotations:
D:9 Joseph


Message History

* * * LOW HITPOINT WARNING * * *
The troll says, "Why is everything spinning?"
You see here a sling bullet.
Drink which item? (? for menu, Esc to quit)
You feel yourself speed up.
Your crimson imp hits Joseph but does no damage.
Joseph shoots a sling bullet.
The sling bullet barely misses you. The troll closely misses you.
The troll misses you. The troll barely misses you.
Your crimson imp closely misses Joseph.
Joseph shoots a sling bullet.
The sling bullet hits you!
* * * LOW HITPOINT WARNING * * *
The sky beast flickers out of sight!
Deactivating autopickup; reactivate with Ctrl-A.
Something hits your crimson imp. Something shocks your crimson imp.
Your crimson imp hits Joseph.
You see here a sling bullet.
Drink which item? (? for menu, Esc to quit)
Okay, then.
Joseph shoots a sling bullet.
The sling bullet hits you!
You die...

.. ##...###.##.#
#..###.###..##.#
#..#####..##...
#.#####.###.#.#
#.......#.. .##.
#..#.####.###..Y.
##.##.####.....)..
###..##....(.##...
#...@#..T.(>.{......
#...(.(..(.@5#.##...
#.........#.........
#.##....###..######...
# #....# #..# #...
###### #..# ##. ...#
...## ..##


You could see Joseph.

Vanquished Creatures
  A hill giant (D:8)
  Pikel (D:6)
  An elephant (D:9)
  3 orc warriors
  Grinder (D:6)
  A hippogriff (D:8)
  A yak (D:9)
  A hungry ghost (D:3)
  Edmund (D:5)
  A sky beast (D:9)
  A black bear (D:6)
  A phantom (D:6)
  A slave (D:6)
  4 ice beasts
  9 ogres
  A centaur (D:6)
  A crocodile (D:9)
  A big kobold (D:7)
  5 giant frogs
  3 scorpions
  A water moccasin skeleton (D:8)
  A wight (D:3)
  2 crimson imps
  A giant frog zombie (D:8)
  3 centaur skeletons
  A giant frog skeleton (D:5)
  3 jellies
  Crazy Yiuf (D:4)
  3 hounds
  5 iguanas
  An orc priest (D:4)
  Terence (D:2)
  4 orc wizards
  6 worker ants
  A sheep (D:9)
  A hound skeleton (D:4)
  3 worker ant zombies
  Robin (D:4)
  3 gnolls
  2 shadow imps (D:5)
  18 adders
  An adder zombie (D:5)
  6 adder skeletons
  2 worms
  13 orcs
  5 giant cockroaches
  13 goblins
  13 hobgoblins
  10 jackals
  4 quokkas
  A ball python skeleton (D:6)
  6 bats
  4 giant geckos
  A giant gecko skeleton (D:6)
  3 giant newts
  3 jackal skeletons
  10 kobolds
  2 quokka skeletons
  9 rats
207 creatures vanquished.

Vanquished Creatures (collateral kills)
  An ice beast (D:7)
  An ogre (D:7)
  Blork the orc (D:6)
  A crimson imp (D:3)
  5 adders
  2 gnolls
  An ooze (D:2)
  2 worms
  2 bats (D:2)
  2 hobgoblins
18 creatures vanquished.

Vanquished Creatures (others)
  3 slaves (D:6)
  A gnoll (D:4)
  2 orcs (D:6)
6 creatures vanquished.

Grand Total: 231 creatures vanquished

Notes
Turn   | Place    | Note
--------------------------------------------------------------
     0 | D:1      | Nekros the Deep Elf Wizard began the quest for the Orb.
     0 | D:1      | Reached XP level 1. HP: 10/10 MP: 7/7
     2 | D:1      | Noticed a felid
     4 | D:1      | Noticed a vine stalker
     4 | D:1      | Noticed a draconian
     6 | D:1      | Noticed a tengu
     6 | D:1      | Noticed a gargoyle
     8 | D:1      | Noticed a vampire
     8 | D:1      | Noticed a troll
    12 | D:1      | Noticed a naga
    12 | D:1      | Noticed an ogre
    14 | D:1      | Noticed a merfolk
    14 | D:1      | Noticed a minotaur
    16 | D:1      | Noticed a demigod
    16 | D:1      | Noticed a human
    18 | D:1      | Noticed a formicid
    20 | D:1      | Noticed an elf
    20 | D:1      | Noticed a ghoul
    22 | D:1      | Noticed a spriggan
    22 | D:1      | Noticed a centaur
    24 | D:1      | Noticed an octopode
    26 | D:1      | Noticed a dwarf
    26 | D:1      | Noticed a demonspawn
   754 | D:1      | Reached skill level 5 in Spellcasting
   943 | D:1      | Reached XP level 2. HP: 15/15 MP: 7/10
   948 | D:1      | Learned a level 2 spell: Blink
   951 | D:1      | Learned a level 2 spell: Call Imp
  1240 | D:2      | Found a stormy altar of Qazlal.
  1406 | D:2      | Reached skill level 6 in Spellcasting
  1406 | D:2      | Reached XP level 3. HP: 19/19 MP: 6/12
  1411 | D:2      | Learned a level 3 spell: Conjure Flame
  1415 | D:2      | Learned a level 3 spell: Mephitic Cloud
  1611 | D:2      | Found a snail-covered altar of Cheibriados.
  1869 | D:2      | Reached XP level 4. HP: 24/24 MP: 3/14
  2201 | D:2      | Found a white marble altar of Elyvilon.
  2202 | D:2      | Found an ancient bone altar of Kikubaaqudgha.
  2241 | D:2      | Found a sacrificial altar of Ru.
  2357 | D:2      | Reached skill level 7 in Spellcasting
  2393 | D:2      | Found a shattered altar of Ashenzari.
  2753 | D:2      | Noticed Terence
  2780 | D:2      | Killed Terence
  3157 | D:3      | Noticed a hungry ghost
  3210 | D:3      | Killed a hungry ghost
  3210 | D:3      | Reached XP level 5. HP: 28/28 MP: 4/16
  3549 | D:3      | Noticed an ogre
  3667 | D:3      | Killed an ogre
  3718 | D:3      | Noticed a giant frog
  3728 | D:3      | Killed a giant frog
  3728 | D:3      | Reached skill level 5 in Conjurations
  3728 | D:3      | Reached XP level 6. HP: 14/32 MP: 1/18
  4847 | D:4      | Noticed Robin
  4856 | D:4      | Killed Robin
  5725 | D:4      | Found Xushryvu's Magic Scroll Emporium.
  5739 | D:4      | Reached XP level 7. HP: 36/36 MP: 13/19
  6815 | D:4      | Noticed Crazy Yiuf
  6826 | D:4      | Killed Crazy Yiuf
  6988 | D:5      | Entered Level 5 of the Dungeon
  7636 | D:5      | Noticed Edmund
  7650 | D:5      | Reached skill level 8 in Spellcasting
  7835 | D:5      | Reached XP level 8. HP: 38/41 MP: 8/22
  8379 | D:5      | Killed Edmund
  8379 | D:5      | Reached skill level 9 in Spellcasting
  8742 | D:5      | Found a blossoming altar of Fedhas.
  9117 | D:6      | Reached skill level 10 in Spellcasting
  9357 | D:6      | Noticed Pikel
  9402 | D:6      | Reached skill level 1 in Fire Magic
  9424 | D:6      | Killed Pikel
  9867 | D:6      | Reached XP level 9. HP: 40/45 MP: 12/25
  9907 | D:6      | Noticed Blork the orc
 10699 | D:6      | Noticed Grinder
 10714 | D:6      | Killed Grinder
 11095 | D:6      | Killed Blork the orc
 11260 | D:6      | Found a glowing golden altar of the Shining One.
 12422 | D:7      | Reached skill level 10 in Conjurations
 12795 | D:7      | Learned a level 5 spell: Bolt of Draining
 12918 | D:7      | Found a staircase to the Ecumenical Temple.
 12920 | D:7      | Reached skill level 1 in Necromancy
 12934 | Temple   | Entered the Ecumenical Temple
 12952 | Temple   | Became a worshipper of Sif Muna the Loreminder
 13381 | D:8      | Noticed a hill giant
 13429 | D:8      | Found a burning altar of Makhleb.
 13430 | D:8      | Noticed a cacodemon
 13587 | D:8      | Found a glowing silver altar of Zin.
 13587 | D:8      | Noticed an angel
 13733 | D:8      | Reached XP level 10. HP: 50/50 MP: 12/26
 13839 | D:8      | Reached skill level 5 in Necromancy
 13839 | D:8      | Killed a hill giant
 13839 | D:8      | Reached * piety under Sif Muna
 14354 | D:8      | Found a sparkling altar of Nemelex Xobeh.
 14649 | D:8      | Found a radiant altar of Vehumet.
 14649 | D:8      | Found a glowing golden altar of the Shining One.
 14743 | D:9      | Found a staircase to the Lair.
 14743 | D:9      | Noticed an elephant
 14753 | D:9      | Reached ** piety under Sif Muna
 14754 | D:9      | Killed an elephant
 15102 | D:9      | Noticed Joseph
 15110 | D:9      | HP: 2/50 [Joseph/sling bullet (12)]
 15112 | D:9      | Shot with a sling bullet by Joseph

Action                   |  1- 3 |  4- 6 |  7- 9 | 10-12 || total
-------------------------+-------+-------+-------+-------++-------
Melee: Mace              |     5 |       |       |       ||     5
       Dagger            |     3 |     7 |    59 |    11 ||    80
 Cast: Magic Dart        |    53 |   126 |   427 |    24 ||   630
       Call Imp          |    11 |    26 |    23 |     1 ||    61
       Conjure Flame     |     2 |    15 |    38 |     2 ||    57
       Mephitic Cloud    |     1 |    14 |    36 |     1 ||    52
       Blink             |       |     4 |    13 |     3 ||    20
       Bolt of Draining  |       |       |    15 |    26 ||    41
Evoke: Wand              |       |       |    12 |     4 ||    16
  Use: Potion            |       |     4 |     2 |     1 ||     7
       Scroll            |       |       |     4 |     1 ||     5
 Stab: Sleeping          |     1 |       |       |       ||     1
       Confused          |       |       |     2 |     1 ||     3
  Eat: Beef jerky        |     1 |       |     1 |       ||     2
       Bread ration      |     1 |     1 |     2 |       ||     4
       Meat ration       |       |     1 |     3 |     1 ||     5
       Pizza             |       |       |     3 |       ||     3
